AoeStats
← Lavender Fizz

MegaRandom

504252177Analyzed
1v1 RM · 28d ago on Sep 4, 2026· 49m 11s· 2 players
Game mode
Random Map
Map size
Tiny (2 player)
Population
200
Speed
Normal
Resources
Standard
Victory
Conquest
Starting age
Dark Age
Ending age
Imperial Age
RankedLock teamsTeams togetherTeam positionsShared explorationLock speedFull tech treeHidden civsTurbo modeCheats
Victory
Defeat
🇺🇸 Inca · United States
536
+14
🇬🇧 Franks · United Kingdom
494
-24
Lavender Fizz
13:10 Loom
20:30 Feudal Age
21:12 Town Watch
23:31 Man-at-Arms
29:07 Castle Age
32:11 Gambesons
32:28 Squires
32:38 Husbandry
35:49 Town Patrol
40:24 Imperial Age
El que te Lo Mete
0:58 Loom
11:58 Feudal Age
14:03 Wheelbarrow
14:25 Gold Mining
14:26 Double-Bit Axe
16:03 Horse Collar
19:28 Castle Age
20:43 Heavy Plow
27:00 Fletching
28:02 Bodkin Arrow
28:18 Champi Runner
28:47 Arson
33:35 Imperial Age
31:34 Squires
31:39 Scale Mail Armor
31:53 Forging
32:54 Gold Shaft Mining
33:23 Bow Saw
33:55 Iron Casting
33:36 Chain Mail Armor
34:04 Redemption
34:23 Hand Cart
34:53 Crop Rotation
35:55 Blast Furnace
34:47 Champi Warrior
35:54 Conscription
36:21 Town Watch
37:11 Plate Mail Armor
36:44 Bracer
38:55 Fabric Shields
38:18 Elite Kamayuk
38:25 Champi Warrior
44:13 Chemistry
43:34 Ballistics
43:20 Siege Engineers
43:26 Masonry
44:51 Capped Ram
46:17 Siege Ram
47:08 Elite Champi Warrior
Connection lost

Rejoining the realm…

Still unreachable

The connection could not be restored.

Session expired

The server has moved on; the page needs a fresh start.